 Dungeon Crawl Stone Soup version 0.23.2-1-ga50397a (webtiles) character file.

Game seed: 9212845409269436961

28 Iscandelvey the Vexing (level 3, 0/26 HPs)
             Began as a Demonspawn Arcane Marksman on May 2, 2019.
             Slain by a rat (2 damage)
             ... on level 1 of the Dungeon.
             The game lasted 00:00:41 (519 turns).

Iscandelvey the Vexing (Demonspawn Arcane Marksman)  Turns: 519, Time: 00:00:42

Health: 0/26       AC:  2    Str: 10    XL:     3   Next: 0%
Magic:  4/4        EV: 12    Int: 15    God:
Gold:   35         SH:  0    Dex: 13    Spells: 3/4 levels left

rFire    . . .     SeeInvis .   a - +0 hand crossbow
rCold    . . .     Gourm    .   (no shield)
rNeg     . . .     Faith    .   e - +0 robe
rPois    .         Spirit   .   (no helmet)
rElec    .         Reflect  .   (no cloak)
rCorr    .         Harm     .   (no gloves)
MR       .....                  (no boots)
Stlth    +.........             (no amulet)
HPRegen  0.08/turn              (no ring)
MPRegen  0.09/turn              (no ring)

@: no status effects
A: powered by pain 1
a: no special abilities


You were on level 1 of the Dungeon.
You were not hungry.

You visited 1 branch of the dungeon, and saw 1 of its levels.

You collected 35 gold pieces.

Inventory:

Hand Weapons
 a - a +0 hand crossbow (weapon)
Missiles
 d - 14 bolts (quivered)
Armour
 e - a +0 robe (worn)
Scrolls
 b - a scroll of random uselessness {unknown}
 c - a scroll of magic mapping {unknown}
 g - a scroll of immolation {unknown}
Potions
 h - a potion of degeneration {unknown}
Comestibles
 f - 3 rations
 i - 2 chunks of flesh


   Skills:
 + Level 1.1 Fighting
 + Level 2.3 Crossbows
 + Level 1.8 Dodging
 + Level 1.0 Spellcasting
 + Level 3.7 Hexes


You had 3 spell levels left.
You knew the following spells:

 Your Spells              Type           Power        Failure   Level  Hunger
a - Corona                Hex            ##.....      5%          1    ##.....

Your spell library contained the following spells:

 Spells                   Type           Power        Failure   Level  Hunger
 Slow                     Hex            ##......     9%          2    ###....
 Inner Flame              Hex/Fire       #.......     34%         3    ####...
 Portal Projectile        Hex/Tloc       #.....       34%         3    ####...
 Cause Fear               Hex            ##........   47%         4    #####..
 Leda's Liquefaction      Hex/Erth       #.........   75%         4    #####..


Dungeon Overview and Level Annotations

Branches:
Dungeon (1/15)

Altars:


Innate Abilities, Weirdness & Mutations

You sometimes gain a little power by taking damage.


Message History

You barely miss the rat. The rat bites you.
* * * LOW HITPOINT WARNING * * *
You clumsily bash the rat but do no damage.
The rat misses you. The rat bites you but does no damage.
You closely miss the rat. The rat closely misses you.
You clumsily bash the rat but do no damage.
The rat closely misses you. The rat bites you.
* * * LOW HITPOINT WARNING * * *
You clumsily bash the rat but do no damage.
The rat bites you but does no damage.
You barely miss the rat. The rat bites you but does no damage.
The rat closely misses you.
You barely miss the rat. The rat closely misses you.
You clumsily bash the rat but do no damage.
The rat closely misses you. x2
You clumsily bash the rat but do no damage.
The rat bites you but does no damage.
You clumsily bash the rat but do no damage.
The rat bites you.
You die...

....####.>................##..<..
.........###............#.##.....
....########............#.##.#...
##### #.......÷....####.#..###.
#............# #...## #.
#.....###....# #...# ## #.....#
###### #...# # #.....#######
#...## #.......@$..# #.#.†####
###.....r?..#####.#....##
#...............####..#
########..........###..
#.......##...##. #.......####....
#.......# ##### #.......#
#########


You could see a rat.

Vanquished Creatures
  A dart slug (D:1)
  2 leopard geckos (D:1)
  2 giant cockroaches (D:1)
  4 goblins (D:1)
  A hobgoblin (D:1)
  3 jackals (D:1)
  A ball python (D:1)
  2 bats (D:1)
  2 frilled lizards (D:1)
  A kobold (D:1)
  4 rats (D:1)
23 creatures vanquished.

Notes
Turn   | Place    | Note
-------+----------+-------------------------------------------
     0 | D:1      | Iscandelvey the Demonspawn Arcane Marksman began the quest
                  | for the Orb.
     0 | D:1      | Reached XP level 1. HP: 15/15 MP: 2/2
   163 | D:1      | Gained mutation: You sometimes gain a little power by
                  | taking damage. [demonic ancestry]
   163 | D:1      | Reached XP level 2. HP: 21/21 MP: 3/3
   431 | D:1      | Reached XP level 3. HP: 26/26 MP: 4/4
   519 | D:1      | Slain by a rat

Skill      XL: |  1  2 |
---------------+-------+-----
Crossbows      | 2 |  2.3
Fighting       | |  1.1
Dodging        | |  1.8
Spellcasting   | |  1.0
Hexes          | |  3.7

Action                   || total
-------------------------++-------
Melee: Hand crossbow     ||    34
 Fire: Hand crossbow     ||    45
Armor: Robe              ||    13
Dodge: Dodged            ||    36
